 Dungeon Crawl Stone Soup version 0.30.1-11-g7821555f0a (webtiles) character file.

Game seed: 6129257206837516792

15247 jfcaron the Thaumaturge (level 12, -1/86 HPs)
             Began as a Djinni Hedge Wizard on Dec 15, 2023.
             Was an Elder of Makhleb.
             Slain by a spatial maelstrom (10 damage)
             ... on level 2 of the Abyss.
             The game lasted 00:37:13 (12324 turns).

jfcaron the Thaumaturge (Djinni Hedge Wizard)      Turns: 12324, Time: 00:37:13

Health: -1/86      AC: 13    Str:  9    XL:     12   Next: 55%
Gold:   1323       EV: 15    Int: 27    God:    Makhleb [****..] SH:  7 Dex: 13

rFire   + + +        a - +3 dagger (protect)
rCold   . . .        G - +2 buckler
rNeg    . . .        x - +2 robe {rC+ rF+}
rPois   ∞            l - +2 hat
rElec   .            J - +0 cloak
rCorr   .            t - +1 Delatra's gloves {ID++}
SInv    .            (boots unavailable)
Will    +....        (no amulet)
Stlth   ++           P - +6 ring of intelligence
HPRegen 0.34/turn    p - +4 ring of protection
MPRegen 0.00/turn

%: infuse magic (-2 HP)
@: flying, hasted, very quick
A: sickness immunity, fire resistance 2, cold vulnerability 1, float, innate
caster, HP casting, extra vitality 1
a: Renounce Religion, Minor Destruction, Lesser Servant of Makhleb, Major
Destruction


You were on level 2 of the Abyss.
You worshipped Makhleb.
Makhleb was greatly pleased with you.
You visited 3 branches of the dungeon, and saw 13 of its levels.
You visited the Abyss 1 time.
You also visited: Sewer.

You collected 1323 gold pieces.

Inventory:

Hand Weapons
 a - a +3 dagger of protection (weapon)
   (You took it off an orc on level 5 of the Dungeon)
 b - a +5 antimagic sling
   (You took it off Joseph on level 7 of the Dungeon)
 k - a +3 scimitar of flaming
   (You took it off an efreet on level 2 of the Abyss)
 I - a +2 short sword of flaming
   (You took it off an orc on level 7 of the Dungeon)
Missiles
 c - 5 boomerangs
 e - 61 stones
 j - 18 poisoned darts
 y - 4 curare-tipped darts {!f}
 A - 5 throwing nets {!f}
Armour
 l - a +2 hat (worn)
 t - the +1 Delatra's gloves (worn) {ID++}
   (You found it on level 5 of the Dungeon)

   ID++:      It heals its wearer when they drink unknown potions, and restores
   their MP when they read unknown scrolls.
 x - a +2 robe of resistance (worn)
   (You took it off an orc wizard on level 1 of the Orcish Mines)
 G - a +2 buckler (worn)
 J - a +0 cloak (worn)
Jewellery
 p - a +4 ring of protection (right hand)
   (You found it on level 6 of the Dungeon)
 P - a +6 ring of intelligence (left hand)
   (You found it on level 9 of the Dungeon)
Wands
 o - a wand of flame (15)
 s - a wand of quicksilver (3)
 C - a wand of digging (4)
 K - a wand of charming (8)
 O - a wand of iceblast (1)
Scrolls
 h - 2 scrolls of magic mapping
 i - 2 scrolls of teleportation
 m - 2 scrolls of fog
 B - 2 scrolls of enchant armour
 D - 2 scrolls of enchant weapon
 F - a scroll of vulnerability
 L - a scroll of immolation {unknown}
 M - a scroll of poison {unknown}
 Q - a scroll of fear {unknown}
Potions
 d - 3 potions of haste
 f - a potion of berserk rage
 g - 5 potions of mutation
 n - a potion of brilliance
 r - 4 potions of attraction
 v - 3 potions of invisibility
 w - 2 potions of resistance {unknown}
 z - 2 potions of cancellation {unknown}
 S - a potion of lignification {unknown}


   Skills:
 + Level 7.9 Fighting
 + Level 8.3 Dodging
 - Level 2.0 Stealth
 - Level 5.0 Shields
 + Level 11.0 Spellcasting
 - Level 5.0 Invocations
 - Level 5.0 Evocations


You knew the following spells:

 Your Spells              Type           Power      Damage    Failure   Level
a - Magic Dart            Conj           100%       1d8       1%          1
b - Slow                  Hex            100%       N/A       1%          1
c - Blink                 Tloc           100%       N/A       1%          2
d - Call Imp              Summ           100%       N/A       1%          2
e - Mephitic Cloud        Conj/Pois/Air  65%        N/A       1%          3
f - Sting                 Tmut/Pois      100%       1d8       1%          1
g - Lesser Beckoning      Tloc           100%       N/A       1%          2
h - Stone Arrow           Conj/Erth      100%       3d13      1%          3
i - Inner Flame           Hex/Fire       65%        N/A       1%          3
j - Iskenderun's Battles  Conj           65%        2d11      1%          5
Your spell library was empty.

Dungeon Overview and Level Annotations

Branches:
Dungeon (10/15)            Temple (1/1) D:5             Orc (2/2) D:9
    Elf (0/3) Orc:2         Sewer (visited)
   Lair: D:8-11

Altars:
Ashenzari
Cheibriados
Dithmenos
Elyvilon
Fedhas
Gozag
Hepliaklqana
Makhleb
Nemelex Xobeh
Okawaru
Qazlal
Ru
Trog
Uskayaw
Wu Jian
Xom
Yredelemnul
Zin
The Shining One

Shops:
D:7 *

Annotations:
Orc:1 Erolcha
Orc:2 3 exclusions


Innate Abilities, Weirdness & Mutations

You are immune to sickness and miasma.
You are immune to poison.
Your flesh is very heat resistant. (rF++)
You are vulnerable to cold. (rC-)
You float through the air rather than walking.
You learn spells naturally, not from books.
Your magical power is your life essence.
You have superior vitality. (+4 MHP)


Message History

You kill the ice beast!
Makhleb accepts your kill.
You feel better.
Okay, then.
Unknown command.
A starcursed mass splits.
A chorus of shrieks assaults your mind.
* * * LOW HITPOINT WARNING * * *
A starcursed mass splits.
Found a corrupted altar of Lugonu.
The starcursed mass shrieks in your mind.
* * * LOW HITPOINT WARNING * * *
As you read the scroll of fog, it crumbles to dust.
The scroll dissolves into smoke.
Your battlesphere wavers and loses cohesion.
As you read the scroll of fog, it crumbles to dust.
The scroll dissolves into smoke.
A large abomination comes into view.
You feel yourself speed up.
Unknown command.
The starcursed mass shrieks in your mind.
* * * LOW HITPOINT WARNING * * *
A starcursed mass comes into view.
A jelly comes into view.
A starcursed mass splits.
The starcursed mass shrieks in your mind.
* * * LOW HITPOINT WARNING * * *
A spatial maelstrom comes into view.
A spatial vortex comes into view.
A spatial vortex comes into view.
As you read the scroll of fog, it crumbles to dust.
The scroll dissolves into smoke.
You block the spatial maelstrom's attack.
The spatial maelstrom hits you.
* * * LOW HITPOINT WARNING * * *
Space warps around you.
* * * LOW HITPOINT WARNING * * *
The spatial maelstrom attacks as you move away!
The spatial maelstrom hits you!
You die...

# ..# ##.. ####
.... ##§§### ##
#..##§§#§v# .###
#.§@v§§§## ...##
#..§§#§§§.## ....
#....####§§§J...#
#.
#.#.#....§§..##.#
#.
##.###..##....#..
. ... #.. #... #
. .. #. ##.#.#..
### .. #.#. # #.
##..#.###


You could see a spatial maelstrom.

Vanquished Creatures
  Harold (D:9)
  The ghost of Xeneth the Protected, a novice MiFi of Qazlal (D:9)
  2 two-headed ogres (D:9)
  Nergalle (D:9)
  A deep elf pyromancer (D:7)
  2 orc knights (Orc:2)
  Joseph (D:7)
  An ancient zyme (Abyss:2)
  An efreet (Abyss:2)
  3 trolls
  12 yaks
  A ynoxinul (Abyss:2)
  A chaos spawn (Abyss:2)
  A large abomination (Abyss:2)
  2 wargs
  13 two-headed ogre zombies (Orc:1)
  Duvessa (D:6)
  3 ice beasts
  5 sky beasts
  4 black bears
  16 orc warriors
  4 ogres
  2 centaurs
  A phantom (D:6)
  4 kobold brigands
  5 bullfrogs
  3 scorpions
  9 wights
  Dowan (D:6)
  5 killer bees (D:9)
  A howler monkey (D:9)
  4 hounds
  4 jellies
  A gnoll bouda (D:6)
  6 orc priests
  2 sleepcaps
  4 iguanas
  6 orc wizards
  11 gnolls
  12 adders
  3 river rats
  A white imp (D:5)
  An ufetubus (D:6)
  7 worms
  5 dart slugs
  28 orcs
  5 bats
  10 endoplasms
  2 giant cockroaches
  A hobgoblin (D:2)
  4 jackals (D:1)
  13 kobolds
  4 quokkas
  6 ball pythons
  2 frilled lizards (D:3)
  7 goblins
  10 rats
267 creatures vanquished.

Notes
Turn   | Place    | Note
-------+----------+-------------------------------------------
     0 | D:1      | jfcaron the Djinni Hedge Wizard began the quest for the
                  | Orb.
     0 | D:1      | jfcaron set off with the following spells memorised: Magic
                  | Dart, Slow, Blink, Call Imp, Mephitic Cloud.
     0 | D:1      | Reached XP level 1. HP: 15/15 MP: 0/0
   121 | D:1      | Reached XP level 2. HP: 20/21 MP: 0/0
   365 | D:1      | Reached XP level 3. HP: 20/25 MP: 0/0
   365 | D:1      | Learned a level 1 spell: Sting
   968 | D:2      | Found a faded altar of an unknown god.
   989 | D:2      | Reached skill level 3 in Spellcasting
  1072 | D:2      | Reached XP level 4. HP: 28/31 MP: 0/0
  1919 | D:3      | Reached XP level 5. HP: 15/35 MP: 0/0
  1919 | D:3      | Learned a level 2 spell: Lesser Beckoning
  2633 | D:3      | Reached skill level 4 in Spellcasting
  2978 | D:4      | Reached skill level 1 in Shields
  3089 | D:4      | Reached XP level 6. HP: 36/40 MP: 0/0
  3108 | D:4      | You are sucked into a shaft and drop 1 floor!
  3108 | D:5      | Entered Level 5 of the Dungeon
  3110 | D:5      | Noticed a black bear
  3117 | D:5      | Noticed a black bear
  3141 | D:5      | Killed a black bear
  3286 | D:5      | Found a staircase to the Ecumenical Temple.
  3296 | Temple   | Entered the Ecumenical Temple
  3310 | Temple   | Became a worshipper of Makhleb the Destroyer
  3379 | D:5      | Found the +1 Delatra's gloves {ID++}
  3817 | D:4      | Reached XP level 7. HP: 43/45 MP: 0/0
  3817 | D:4      | Learned a level 3 spell: Stone Arrow
  4613 | D:5      | Reached skill level 5 in Spellcasting
  4968 | D:5      | Reached XP level 8. HP: 16/50 MP: 0/0
  5299 | D:6      | Reached skill level 5 in Shields
  5333 | D:6      | Reached * piety under Makhleb
  5381 | D:6      | Reached skill level 6 in Spellcasting
  5411 | D:6      | Noticed Duvessa
  5414 | D:6      | Noticed Dowan
  5426 | D:6      | HP: 1/50 [Dowan/puff of frost (15)]
  5427 | D:6      | Killed Dowan
  5456 | D:6      | Reached skill level 7 in Spellcasting
  5469 | D:6      | Reached XP level 9. HP: 33/55 MP: 0/0
  5469 | D:6      | Learned a level 3 spell: Inner Flame
  5476 | D:6      | Killed Duvessa
  5587 | D:6      | Found a glowing drain.
  5597 | Sewer    | Entered a sewer
  5757 | Sewer    | Reached skill level 8 in Spellcasting
  6071 | Sewer    | Reached ** piety under Makhleb
  7128 | D:7      | Reached skill level 9 in Spellcasting
  7162 | D:7      | Found a basalt altar of Yredelemnul.
  7166 | D:7      | Found an ornate altar of the Wu Jian Council.
  7166 | D:7      | Found a bloodstained altar of Trog.
  7224 | D:7      | Reached XP level 10. HP: 57/60 MP: 0/0
  7314 | D:7      | Found Inagiux's Overcharged Wands.
  7341 | D:7      | Reached skill level 10 in Spellcasting
  7347 | D:7      | Reached skill level 1 in Fighting
  7347 | D:7      | Reached skill level 1 in Invocations
  7347 | D:7      | Reached skill level 1 in Evocations
  7500 | D:7      | Noticed a deep elf pyromancer
  7516 | D:7      | Noticed Joseph
  7536 | D:7      | Killed Joseph
  7538 | D:7      | Killed a deep elf pyromancer
  7935 | D:7      | Reached *** piety under Makhleb
  8558 | D:8      | Reached skill level 5 in Dodging
  8843 | D:9      | Noticed a two-headed ogre
  8851 | D:9      | Killed a two-headed ogre
  8852 | D:9      | Reached XP level 11. HP: 64/73 MP: 0/0
  8852 | D:9      | Learned a level 5 spell: Iskenderun's Battlesphere
  8867 | D:9      | Noticed Harold
  8882 | D:9      | Killed Harold
  8911 | D:8      | Reached skill level 5 in Evocations
  9133 | D:9      | Found a runed translucent door.
  9133 | D:9      | Noticed Xeneth's ghost (novice MiFi)
  9143 | D:9      | Reached skill level 5 in Fighting
  9143 | D:9      | Reached skill level 5 in Invocations
  9243 | D:9      | Found a staircase to the Orcish Mines.
  9687 | D:9      | Noticed a two-headed ogre
  9691 | D:9      | Killed a two-headed ogre
  9975 | D:9      | Killed Xeneth's ghost
 10167 | D:10     | Entered Level 10 of the Dungeon
 10191 | Orc:1    | Entered Level 1 of the Orcish Mines
 10191 | Orc:1    | Noticed Nergalle
 10200 | D:9      | Killed Nergalle
 10839 | Orc:2    | Entered Level 2 of the Orcish Mines
 10872 | Orc:2    | Noticed an orc knight
 10895 | Orc:2    | Killed an orc knight
 10895 | Orc:2    | Reached **** piety under Makhleb
 10900 | Orc:2    | Reached XP level 12. HP: 46/84 MP: 0/0
 11310 | Orc:2    | Found a staircase to the Elven Halls.
 11995 | Orc:1    | Noticed Erolcha
 11996 | Abyss:2  | Cast into level 2 of the Abyss (Erolcha)
 12148 | Abyss:2  | HP: 12/85 [demonic crawler (12)]
 12150 | Abyss:2  | HP: 3/85 [demonic crawler (10)]
 12151 | Abyss:2  | Noticed a tentacled starspawn
 12151 | Abyss:2  | Noticed a large abomination
 12245 | Abyss:2  | Reached skill level 11 in Spellcasting
 12247 | Abyss:2  | Noticed a starcursed mass
 12266 | Abyss:2  | Found a corrupted altar of Lugonu.
 12271 | Abyss:2  | Found a corrupted altar of Lugonu.
 12307 | Abyss:2  | Noticed a starcursed mass
 12308 | Abyss:2  | HP: 15/86 [starcursed mass/accursed screaming (7)]
 12315 | Abyss:2  | Noticed a spatial maelstrom
 12320 | Abyss:2  | HP: 12/86 [spatial maelstrom (5)]
 12324 | Abyss:2  | Slain by a spatial maelstrom

Illustrated notes

Levels and vault maps discovered:
D:1:      psy_arrival_basics, layout_basic, serial_aquarium,
          aquarium_bridge_straight [aquarium_subvault_bridge,
          aquarium_subvault_balcony, aquarium_subvault_bridge,
          aquarium_subvault_wall], aquarium_window_corridor_1,
          aquarium_window_1, aquarium_view_2a, aquarium_view_2d,
          aquarium_balcony_3a, aquarium_pool_four
D:2:      layout_basic, ebering_ecumenical_altar_rust, minmay_misc_feat_cross
D:3:      layout_basic, mainiacjoe_overflow_alcove_1
D:4:      layout_cave_pods, small_statue_intersection
D:5:      layout_cave_pools, minmay_temple_entry_tees
D:6:      minmay_diamond_boxcup, layout_cave_pools, portal_sewer_entry_b,
          uniq_duvessa
D:7:      layout_rooms, grunt_temple_overflow_open,
          nicolae_shop_overcharged_wands, uniq_joseph
D:8:      layout_cave_pods
D:9:      layout_irregular_city, orc_0_dummy, hellmonk_ghost_happy_afterlife,
          uniq_harold
D:10:     layout_loops_cross, lair_entry_dummy, serial_shops,
          nicolae_diamond_shop
Temple:   sentei_temple_godly_chess
Orc:1:    lemuel_ogre_cave, layout_diamond_mine, uniq_nergalle
Orc:2:    pf_orc_diabolical, layout_diamond_mine, uniq_josephine, uniq_erolcha
Abyss:2:  base: Lair:4, gammafunk_corrupted_shrine

Skill      XL: |  1  2  3  4  5  6  7  8  9 10 11 12 |
---------------+-------------------------------------+-----
Stealth        | 2 |  2.0
Dodging        | 3 5 6 8 |  8.3
Spellcasting   | 3 4 5 7 9 10 11 | 11.0
Shields        | 1 2 4 5 |  5.0
Fighting       | 4 6 7 |  7.9
Invocations    | 4 5 |  5.0
Evocations     | 4 5 |  5.0

Action                     |  1- 3 |  4- 6 |  7- 9 | 10-12 || total
---------------------------+-------+-------+-------+-------++-------
  Melee: Dagger            |    18 |     6 |    32 |    61 ||   117
   Fire: Sling             |       |       |       |    46 ||    46
  Throw: Dart              |       |       |       |     4 ||     4
   Cast: Magic Dart        |    46 |    70 |   122 |    34 ||   272
         Call Imp          |     4 |     1 |     8 |     3 ||    16
         Sting             |     6 |    69 |    90 |    79 ||   244
         Mephitic Cloud    |       |     1 |     1 |    15 ||    17
         Stone Arrow       |       |       |    19 |   108 ||   127
         Inner Flame       |       |       |     1 |    13 ||    14
         Iskenderun's Batt |       |       |       |    21 ||    21
         Blink             |       |       |       |     5 ||     5
 Invoke: Minor Destruction |       |       |       |     1 ||     1
  Evoke: Wand              |       |       |    25 |    14 ||    39
    Use: Scroll            |       |       |    15 |    11 ||    26
         Potion            |       |       |     3 |     5 ||     8
   Stab: Confused          |       |       |       |     1 ||     1
 Armour: Robe              |     6 |     6 |    44 |    65 ||   121
  Dodge: Dodged            |    29 |    28 |    70 |   115 ||   242
  Block: Buckler           |       |     3 |    33 |    60 ||    96

Table legend: (Time is in decaauts)
 A = Elapsed time spent in this place.
 B = Non-inter-level travel time spent in this place.
 C = Inter-level travel time spent in this place.
 D = Time resting spent in this place.
 E = Time spent auto-exploring this place.
 F = Levels seen in this place.
 G = Mean time per level.
                   A        B        C        D        E       F      G
               +--------+--------+--------+--------+--------+-----+--------+
         Total |  12322 |  11720 |    602 |   3011 |   6550 |  15 |  821.5 |
       Dungeon |   9754 |   9196 |    558 |   2127 |   5492 |  10 |  975.4 |
        Temple |     23 |     14 |      9 |      0 |      2 |   1 |   23.0 |
  Orcish Mines |   1523 |   1489 |     34 |    719 |    517 |   2 |  761.5 |
         Abyss |    321 |    321 |      0 |    141 |      0 |   1 |  321.0 |
         Sewer |    699 |    699 |      0 |     24 |    539 |   1 |  699.0 |
               +--------+--------+--------+--------+--------+-----+--------+

Top non-repeatable levels by time:
     D:9: 1575 daAuts
     D:4: 1385 daAuts
     D:3: 1217 daAuts
     D:6: 1076 daAuts
     D:5: 1044 daAuts
     D:1: 999 daAuts
     D:8: 941 daAuts
     D:7: 863 daAuts
   Orc:2: 792 daAuts
   Orc:1: 730 daAuts
   Sewer: 699 daAuts
     D:2: 648 daAuts
 Abyss:2: 321 daAuts
  Temple: 23 daAuts
    D:10: 1 daAuts

Table legend:
 A = Kills in this place as a percentage of kills in the entire game.
 B = Kills by you in this place as a percentage of kills by you in the entire game.
 C = Kills by friends in this place as a percentage of kills by friends in the entire game.
 D = Other kills in this place as a percentage of other kills in the entire game.
 E = Experience gained in this place as a percentage of experience gained in the entire game.
 F = Experience gained in this place divided by the number of levels of this place that you have seen.
                   A       B       C       D       E      F
               +-------+-------+-------+-------+-------+----------------------
         Total | 100.0 | 100.0 | 100.0 | 100.0 | 100.0 | 1452.1
       Dungeon |  66.7 |  64.5 | 100.0 |  80.0 |  62.0 | 1350.2
  Orcish Mines |  20.6 |  21.8 |   0.0 |  20.0 |  29.8 | 3247.0
         Abyss |   2.2 |   2.4 |   0.0 |   0.0 |   6.4 | 1394.0
         Sewer |  10.5 |  11.3 |   0.0 |   0.0 |   1.8 | 392.0
               +-------+-------+-------+-------+-------+----------------------

Levels and vault maps discovered:
D:1:      psy_arrival_basics, layout_basic, serial_aquarium,
          aquarium_bridge_straight [aquarium_subvault_bridge,
          aquarium_subvault_balcony, aquarium_subvault_bridge,
          aquarium_subvault_wall], aquarium_window_corridor_1,
          aquarium_window_1, aquarium_view_2a, aquarium_view_2d,
          aquarium_balcony_3a, aquarium_pool_four
D:2:      layout_basic, ebering_ecumenical_altar_rust, minmay_misc_feat_cross
D:3:      layout_basic, mainiacjoe_overflow_alcove_1
D:4:      layout_cave_pods, small_statue_intersection
D:5:      layout_cave_pools, minmay_temple_entry_tees
D:6:      minmay_diamond_boxcup, layout_cave_pools, portal_sewer_entry_b,
          uniq_duvessa
D:7:      layout_rooms, grunt_temple_overflow_open,
          nicolae_shop_overcharged_wands, uniq_joseph
D:8:      layout_cave_pods
D:9:      layout_irregular_city, orc_0_dummy, hellmonk_ghost_happy_afterlife,
          uniq_harold
D:10:     layout_loops_cross, lair_entry_dummy, serial_shops,
          nicolae_diamond_shop
Temple:   sentei_temple_godly_chess
Orc:1:    lemuel_ogre_cave, layout_diamond_mine, uniq_nergalle
Orc:2:    pf_orc_diabolical, layout_diamond_mine, uniq_josephine, uniq_erolcha
Abyss:2:  base: Lair:4, gammafunk_corrupted_shrine
